 Dungeon Crawl Stone Soup version 0.27-a0-1500-g450c7e4133 (webtiles) character file.

Game seed: 2053153141149912472

263 quinnr the Gusty (level 6, 0/32 HPs)
             Began as a Tengu Air Elementalist on July 7, 2021.
             Slain by a gnoll (5 damage)
             ... on level 4 of the Dungeon.
             The game lasted 00:11:36 (3502 turns).

quinnr the Gusty (Tengu Air Elementalist)           Turns: 3502, Time: 00:11:37

Health: 0/32       AC:  2    Str:  8    XL:     6   Next: 19%
Magic:  8/10       EV: 18    Int: 18    God:
Gold:   296        SH:  0    Dex: 14    Spells: 4/9 levels left

rFire    . . .     SeeInvis .   (no weapon)
rCold    . . .     Faith    .   (no shield)
rNeg     . . .     Spirit   .   a - +0 robe
rPois    .         Reflect  .   (helmet restricted)
rElec    .         Harm     .   (no cloak)
rCorr    .         Rampage  .   (no gloves)
Will     .....                  (boots unavailable)
Stlth    ++........             (no amulet)
HPRegen  0.10/turn              f - ring of flight
MPRegen  0.12/turn              l - +4 ring of evasion

@: brilliant, flying quickly and evasively, quick
A: beak, talons 3, nimble flight
a: no special abilities


You were on level 4 of the Dungeon.
You visited 1 branch of the dungeon, and saw 4 of its levels.

You collected 296 gold pieces.

Inventory:

Hand Weapons
 g - a +0 hunting sling
Missiles
 h - 56 stones
Armour
 a - a +0 robe (worn)
Jewellery
 f - a ring of flight (left hand)
 i - a ring of flight
 l - a +4 ring of evasion (right hand)
Scrolls
 b - a scroll of fear {unknown}
 c - 2 scrolls of identify {unknown}
 j - a scroll of amnesia {unknown}
Potions
 d - a potion of haste {unknown}
 e - 2 potions of brilliance
 k - a potion of ambrosia
 m - a potion of curing {unknown}
 n - a potion of invisibility {unknown}


   Skills:
 - Level 2.1 Dodging
 - Level 2.0 Stealth
 + Level 2.2 Spellcasting
 - Level 4.4 Conjurations
 * Level 7.5 Air Magic


You had 4 spell levels left.
You knew the following spells:

 Your Spells              Type           Power      Damage    Failure   Level
a - Shock                 Conj/Air       100%       1d9       1%          1
b - Airstrike             Air            22%        N/A       8%          4

Your spell library contained the following spells:

 Spells                   Type           Power      Damage    Failure   Level
 Static Discharge         Conj/Air       35%        N/A       2%          2
 Swiftness                Air            44%        N/A       2%          3
 Gell's Gravitas          Tloc           1%         N/A       47%         3
 Teleport Other           Tloc           3%         N/A       47%         3
 Dispersal                Tloc           1%         N/A       100%        6


Dungeon Overview and Level Annotations

Branches:
Dungeon (4/15)
 Temple: D:4-7

Altars:
Ashenzari
Okawaru


Innate Abilities, Weirdness & Mutations

You have a beak for a mouth.
You have claws for feet.
Your magical nature lets you fly swiftly and evasively.


Message History

Okay, then.
Casting: Shock (safe; 1% risk of failure)
Confirm with . or Enter, or press ? or * to list all spells.
Aiming: Shock (safe; 1% risk of failure)
Press: ? - help, Shift-Dir - straight line, f - gnoll
Aim: a gnoll, wielding a +0 spear (77% to hit)
Okay, then.
The orc priest invokes the aid of Beogh against you.
Beogh smites you!
It was a potion of ambrosia.
You are confused.
You feel invigorated.
You feel less invigorated.
You feel less confused.
The orc priest calls down the wrath of Beogh upon you.
Beogh smites you!
Casting: Shock (safe; 1% risk of failure)
Confirm with . or Enter, or press ? or * to list all spells.
Aiming: Shock (safe; 1% risk of failure)
Press: ? - help, Shift-Dir - straight line The zap hits the gnoll.
The gnoll is heavily wounded.
The zap hits the orc priest.
The orc priest is moderately wounded.
The zap misses the orc priest.
The gnoll closely misses you.
Casting: Shock (safe; 1% risk of failure)
Confirm with . or Enter, or press ? or * to list all spells.
Aiming: Shock (safe; 1% risk of failure)
Press: ? - help, Shift-Dir - straight line The zap hits the gnoll.
The gnoll is severely wounded.
The zap hits the orc priest.
The orc priest is moderately wounded.
The gnoll hits you from afar with a +0 spear!
* * * LOW HITPOINT WARNING * * *
Unknown command.
It was a potion of brilliance.
You feel clever all of a sudden.
The gnoll hits you from afar with a +0 spear.
You die...

############ #...g......# #.
#.#.#''#.#.#### ####+##...
#...#..#...##.####....#.....
#.###..###..og.@.#..........
#.'.#.)# +.....................
#.'o#()# +.....###.............
#.########..#..###..........>.
#.. #....#....#..........#
#.#.#++#.#.###..##.....#...# .
#......................##.###...
##...................[..........
######...).....#.....<.......


You could see an orc priest and a gnoll.

Vanquished Creatures
  A black bear (D:3)
  A bullfrog skeleton (D:4)
  An orc wizard (D:4)
  4 adders
  An adder skeleton (D:4)
  4 dart slugs
  3 orcs
  6 bats
  An endoplasm (D:1)
  2 giant cockroaches
  8 goblins
  7 hobgoblins
  4 jackals (D:1)
  3 quokkas
  9 ball pythons
  3 frilled lizards
  4 kobolds
  7 rats
69 creatures vanquished.

Notes
Turn   | Place    | Note
-------+----------+-------------------------------------------
     0 | D:1      | quinnr the Tengu Air Elementalist began the quest for the
                  | Orb.
     0 | D:1      | Reached XP level 1. HP: 10/10 MP: 4/4
   210 | D:1      | Reached XP level 2. HP: 14/15 MP: 0/6
   642 | D:1      | Reached XP level 3. HP: 19/19 MP: 0/7
  1245 | D:2      | quinnr: ??ring of flight
  1245 | D:2      | beem: ring of flight[1/1]: A ring that grants {flight}
                  | using the Evocations skill. However, it does not allow you
                  | to extend your flight while you're airborne. To determine
                  | your power level, visit
                  | http://gitorious.org/crawl/crawl/source/crawl-ref/source/ab
                  | ility.cc and see the fly_player call. To see how your
                  | duration is calculated and randomized, visit player.cc and
                  | see the fly_player source code.
  1282 | D:2      | Found a faded altar of an unknown god.
  1785 | D:3      | Reached XP level 4. HP: 24/24 MP: 6/8
  2120 | D:3      | Learned a level 4 spell: Airstrike
  2246 | D:3      | Reached skill level 5 in Air Magic
  2279 | D:3      | Found an iron altar of Okawaru.
  2405 | D:3      | Found a broken altar of Ashenzari.
  2840 | D:4      | Gained mutation: Your magical nature lets you fly swiftly
                  | and evasively. [Tengu growth]
  2840 | D:4      | Reached XP level 5. HP: 28/28 MP: 0/9
  2929 | D:4      | Reached skill level 6 in Air Magic
  3170 | D:4      | Noticed a black bear
  3294 | D:3      | Killed a black bear
  3295 | D:3      | Reached skill level 7 in Air Magic
  3295 | D:3      | Reached XP level 6. HP: 22/32 MP: 0/10
  3502 | D:4      | Slain by a gnoll

Illustrated notes

Levels and vault maps discovered:
D:1:      dpeg_arrival_castle, layout_loops_ring, minmay_stone_trees_medium,
          minmay_tromino_mix6
D:2:      layout_rooms, ebering_ecumenical_altar_mist, solitary_fountain
D:3:      layout_rooms, amcnicky_altar_gilded, overflow_temple_1_default,
          skrybe_limestone_x
D:4:      layout_cave_pools, temple_green, serial_rivers,
          chequers_serial_rivers_small_3, chequers_serial_rivers_micro_d,
          chequers_serial_rivers_room_a, chequers_serial_rivers_small_3,
          minmay_mini_jars

Skill      XL: |  1  2  3  4  5 |
---------------+----------------+-----
Conjurations   | 2 3 4 |  4.4
Air Magic      | 5 7 |  7.5
Dodging        | |  2.1
Stealth        | |  2.0
Spellcasting   | |  2.2

Action                   |  1- 3 |  4- 6 || total
-------------------------+-------+-------++-------
Melee: Unarmed           |     3 |     4 ||     7
       Kick              |     1 |       ||     1
 Cast: Shock             |    72 |    74 ||   146
       Airstrike         |       |     2 ||     2
  Use: Scroll            |       |     1 ||     1
       Potion            |       |     2 ||     2
Armor: Robe              |     2 |     1 ||     3
Dodge: Dodged            |     8 |    26 ||    34

Table legend: (Time is in decaauts)
 A = Elapsed time spent in this place.
 B = Non-inter-level travel time spent in this place.
 C = Inter-level travel time spent in this place.
 D = Time resting spent in this place.
 E = Time spent auto-exploring this place.
 F = Levels seen in this place.
 G = Mean time per level.
                   A        B        C        D        E       F      G
               +--------+--------+--------+--------+--------+-----+--------+
         Total |   3497 |   3404 |     93 |    458 |   2497 |   4 |  874.2 |
       Dungeon |   3497 |   3404 |     93 |    458 |   2497 |   4 |  874.2 |
               +--------+--------+--------+--------+--------+-----+--------+

Top non-repeatable levels by time:
     D:3: 1202 daAuts
     D:1: 1096 daAuts
     D:2: 687 daAuts
     D:4: 510 daAuts
